 Dungeon Crawl Stone Soup version 0.21.1-1-g345015f (webtiles) character file.

111 tidbits the Insei (level 4, 0/34 HPs)
             Began as a Gnoll Transmuter on Mar 7, 2018.
             Splashed by a jelly's acid (9 damage)
             ... on level 5 of the Dungeon.
             The game lasted 00:03:17 (527 turns).

tidbits the Insei (Gnoll Transmuter)                 Turns: 527, Time: 00:03:18

Health: 0/34       AC: -2    Str: 12    XL:     4   Next: 92%
Magic:  0/11       EV: 23    Int: 17    God:
Gold:   89         SH:  0    Dex: 20    Spells: 7/13 levels left

rFire    . . .     SeeInvis .     - Unarmed
rCold    . . .     Gourm    .   (shield currently unavailable)
rNeg     + . .     Faith    .   (armour currently unavailable)
rPois    x         Spirit   .   (helmet currently unavailable)
rElec    .         Reflect  .   (cloak currently unavailable)
rCorr    .         Harm     .   (gloves currently unavailable)
MR       .....                  (boots currently unavailable)
Stlth    ++........             (no amulet)
HPRegen  0.11/turn              i - ring of positive energy
MPRegen  0.12/turn              (no ring)

@: spider-form, corroded
A: tiny, distributed training, strong nose
a: End Transformation


You were on level 5 of the Dungeon.
You were not hungry.
You were a venomous arachnid creature.
You visited 1 branch of the dungeon, and saw 5 of its levels.

You collected 89 gold pieces.

Inventory:

Hand Weapons
 g - a +0 dagger
Missiles
 a - 9 arrows
Armour
 B - a +0 robe (melded)
 G - a +0 pair of gloves (melded)
Jewellery
 i - a ring of positive energy (left front leg)
   (You found it on level 5 of the Dungeon)
Scrolls
 b - a scroll of identify {unknown}
 e - 2 scrolls of remove curse {unknown}
Potions
 f - a potion of curing {unknown}
 h - a potion of might {unknown}
Books
 c - a book of Changes

   Spells                             Type                      Level
   a - Beastly Appendage              Transmutation                1
   b - Sticks to Snakes               Transmutation                2
   c - Spider Form                    Transmutation/Poison         3
   d - Ice Form                       Ice/Transmutation            4
   e - Blade Hands                    Transmutation                5
Comestibles
 d - 6 rations


   Skills:
 + Level 2.8 Fighting
 + Level 1.2 Short Blades
 + Level 1.2 Long Blades
 + Level 1.2 Axes
 + Level 1.2 Maces & Flails
 + Level 1.2 Polearms
 + Level 1.2 Staves
 + Level 1.2 Slings
 + Level 1.2 Bows
 + Level 1.2 Crossbows
 + Level 1.2 Throwing
 + Level 1.2 Armour
 + Level 4.7 Dodging
 + Level 1.2 Stealth
 + Level 1.2 Shields
 + Level 6.6 Unarmed Combat
 + Level 5.1 Spellcasting
 + Level 1.0 Conjurations
 + Level 1.0 Hexes
 + Level 1.0 Charms
 + Level 1.0 Summonings
 + Level 1.0 Necromancy
 + Level 1.0 Translocations
 + Level 3.9 Transmutations
 + Level 1.0 Fire Magic
 + Level 1.0 Ice Magic
 + Level 1.0 Air Magic
 + Level 1.0 Earth Magic
 + Level 1.0 Poison Magic
 + Level 1.4 Invocations
 + Level 1.2 Evocations


You had 7 spell levels left.
You knew the following spells:

 Your Spells              Type           Power        Failure   Level  Hunger
e - Beastly Appendage     Tmut           ###...       10%         1    None
k - Sticks to Snakes      Tmut           ###.....     13%         2    #......
p - Spider Form           Tmut/Pois      ##........   34%         3    ###....


Dungeon Overview and Level Annotations

Branches:
Dungeon (5/15)
 Temple: D:4-7

Altars:

Annotations:
D:2 Jessica


Innate Abilities, Weirdness & Mutations

Your experience applies equally to all skills.
((You have very sharp teeth.))
Your uncanny sense of smell can sniff out nearby items.


Message History

You feel sick.
Memorise Spider Form, consuming 3 spell levels and leaving 6?
You start memorising the spell.
You continue memorising.
You feel sick.
You continue memorising. x2
You finish memorising.
Spell assigned to 'p'.
An ogre comes into view. It is wielding a giant club.
You feel sick.
Found a blackened garnet ring.
Casting: Sticks to Snakes
Confirm with . or Enter, or press ? or * to list all spells.
Your horns disappear.
You turn into a venomous arachnid creature.
Your +0 pair of gloves melds into your body.
Your +0 robe melds into your body.
The ogre shouts!
You feel sick.
You barely miss the ogre.
Your adder bites the ogre.
The ogre completely misses you.
You hit the ogre.
The ogre is poisoned.
The ogre is moderately wounded.
Your adder bites the ogre.
You barely miss the ogre.
The ogre is heavily wounded.
Your adder bites the ogre.
The ogre looks as sick as possible!
Your adder poisons the ogre!
The ogre completely misses you.
You bite the ogre!
The ogre looks as sick as possible!
The ogre is almost dead.
You kill the ogre!
Your Short Blades skill increases to level 1!
Your Long Blades skill increases to level 1!
Your Axes skill increases to level 1!
Your Maces & Flails skill increases to level 1!
Your Polearms skill increases to level 1!
Your Staves skill increases to level 1!
Your Slings skill increases to level 1!
Your Bows skill increases to level 1!
Your Crossbows skill increases to level 1!
Your Throwing skill increases to level 1!
Your Armour skill increases to level 1!
Your Stealth skill increases to level 1!
Your Shields skill increases to level 1!
Your Conjurations skill increases to level 1!
Your Hexes skill increases to level 1!
Your Charms skill increases to level 1!
Your Summonings skill increases to level 1!
Your Necromancy skill increases to level 1!
Your Translocations skill increases to level 1!
Your Fire Magic skill increases to level 1!
Your Ice Magic skill increases to level 1!
Your Air Magic skill increases to level 1!
Your Earth Magic skill increases to level 1!
Your Poison Magic skill increases to level 1!
Your Evocations skill increases to level 1!
You have reached level 4!
You feel clever.
You feel sick.
You see here a giant club.
You see here a blackened garnet ring.
i - a blackened garnet ring Your transformation is almost over.
Put on which piece of jewellery? (? for menu, Esc to quit)
i - a ring of positive energy (left front leg)
You feel sick.
You are no longer poisoned.
Found 8 gold pieces.
Your adder withers and dies!
You open the door.
A jelly comes into view.
Your transformation has ended.
Your +0 pair of gloves unmelds from your body.
Your +0 robe unmelds from your body.
You see here 8 gold pieces.
You now have 89 gold pieces (gained 8).
Casting: Spider Form
Confirm with . or Enter, or press ? or * to list all spells.
You turn into a venomous arachnid creature.
Your +0 pair of gloves melds into your body.
Your +0 robe melds into your body.
There is an open door here.
Casting: Spider Form
Confirm with . or Enter, or press ? or * to list all spells.
You create a snake!
You now have 9 arrows.
You hit the jelly.
Your front legs burn!
The jelly is lightly wounded.
The jelly hits you. The acid corrodes you!
You are splashed with acid!
The acid burns!
* * * LOW HITPOINT WARNING * * *
You swap places.
Your ball python bites the jelly.
The acid corrodes your ball python!
Your ball python is burned by acid!
Your ball python withers and dies!
Casting: Sticks to Snakes
Confirm with . or Enter, or press ? or * to list all spells.
You don't have enough magic to cast that spell.
There is an open door here.
You hit the jelly but do no damage.
Your front legs burn!
* * * LOW HITPOINT WARNING * * *
The jelly is lightly wounded.
The jelly hits you.
* * * LOW HITPOINT WARNING * * *
You are splashed with acid!
The acid burns!
You die...

........##.# .#
#......#..#
...##.........#
#...##.....##.#
#...##...[##.#
#...##...##..
#...##..##.##
#...#..##.# ∆
#...s.....#
##..J####..#
#...## ..#
#...## .# #...#
.. #...# .. ∆
....# ...# ..#


You could see a jelly.

Vanquished Creatures
  An ogre (D:5)
  A worker ant (D:5)
  A worm (D:2)
  An orc (D:3)
  A ball python (D:2)
  2 hobgoblins (D:1)
  3 jackals (D:1)
  A bat (D:1)
  2 frilled lizards (D:1)
  A kobold (D:2)
  A rat (D:1)
15 creatures vanquished.

Notes
Turn   | Place    | Note
-------+----------+-------------------------------------------
     0 | D:1      | tidbits the Gnoll Transmuter began the quest for the Orb.
     0 | D:1      | Reached XP level 1. HP: 17/17 MP: 6/6
    71 | D:2      | Noticed Jessica
    76 | D:2      | Reached XP level 2. HP: 19/23 MP: 5/7
    85 | D:1      | Learned a level 2 spell: Sticks to Snakes
   485 | D:5      | Entered Level 5 of the Dungeon
   490 | D:5      | Reached skill level 5 in Spellcasting
   490 | D:5      | Reached skill level 1 in Invocations
   490 | D:5      | Reached XP level 3. HP: 21/28 MP: 4/9
   495 | D:5      | Learned a level 3 spell: Spider Form
   495 | D:5      | Noticed an ogre
   503 | D:5      | Killed an ogre
   503 | D:5      | Reached skill level 1 in Short Blades
   503 | D:5      | Reached skill level 1 in Long Blades
   503 | D:5      | Reached skill level 1 in Axes
   503 | D:5      | Reached skill level 1 in Maces & Flails
   503 | D:5      | Reached skill level 1 in Polearms
   503 | D:5      | Reached skill level 1 in Staves
   503 | D:5      | Reached skill level 1 in Slings
   503 | D:5      | Reached skill level 1 in Bows
   503 | D:5      | Reached skill level 1 in Crossbows
   503 | D:5      | Reached skill level 1 in Throwing
   503 | D:5      | Reached skill level 1 in Armour
   503 | D:5      | Reached skill level 1 in Stealth
   503 | D:5      | Reached skill level 1 in Shields
   503 | D:5      | Reached skill level 1 in Conjurations
   503 | D:5      | Reached skill level 1 in Hexes
   503 | D:5      | Reached skill level 1 in Charms
   503 | D:5      | Reached skill level 1 in Summonings
   503 | D:5      | Reached skill level 1 in Necromancy
   503 | D:5      | Reached skill level 1 in Translocations
   503 | D:5      | Reached skill level 1 in Fire Magic
   503 | D:5      | Reached skill level 1 in Ice Magic
   503 | D:5      | Reached skill level 1 in Air Magic
   503 | D:5      | Reached skill level 1 in Earth Magic
   503 | D:5      | Reached skill level 1 in Poison Magic
   503 | D:5      | Reached skill level 1 in Evocations
   503 | D:5      | Reached XP level 4. HP: 22/34 MP: 2/11
   527 | D:5      | Splashed by a jelly's acid

Skill      XL: |  1  2  3 |
---------------+----------+-----
Spellcasting   | 5 |  5.1
Invocations    | 1 |  1.4
Short Blades   | 1 |  1.2
Long Blades    | 1 |  1.2
Axes           | 1 |  1.2
Maces & Flails | 1 |  1.2
Polearms       | 1 |  1.2
Staves         | 1 |  1.2
Slings         | 1 |  1.2
Bows           | 1 |  1.2
Crossbows      | 1 |  1.2
Throwing       | 1 |  1.2
Armour         | 1 |  1.2
Stealth        | 1 |  1.2
Shields        | 1 |  1.2
Conjurations   | 1 |  1.0
Hexes          | 1 |  1.0
Charms         | 1 |  1.0
Summonings     | 1 |  1.0
Necromancy     | 1 |  1.0
Translocations | 1 |  1.0
Fire Magic     | 1 |  1.0
Ice Magic      | 1 |  1.0
Air Magic      | 1 |  1.0
Earth Magic    | 1 |  1.0
Poison Magic   | 1 |  1.0
Evocations     | 1 |  1.2
Fighting       | |  2.8
Dodging        | |  4.7
Unarmed Combat | |  6.6
Transmutations | |  3.9

Action                   |  1- 3 |  4- 6 || total
-------------------------+-------+-------++-------
Melee: Unarmed           |    30 |     2 ||    32
       Headbutt          |     3 |       ||     3
       Bite              |     3 |       ||     3
       Punch             |     1 |       ||     1
 Cast: Beastly Appendage |     7 |       ||     7
       Sticks to Snakes  |     2 |     1 ||     3
       Spider Form       |     1 |     1 ||     2
Armor: Robe              |     2 |       ||     2
Dodge: Dodged            |    20 |       ||    20

Table legend:
 A = Turns spent in this place as a percentage of turns spent in the entire game.
 B = Non-inter-level travel turns spent in this place as a percentage of non-inter-level travel turns spent in the entire game.
 C = Inter-level travel turns spent in this place as a percentage of turns spent in this place.
 D = Turns resting spent in this place as a percentage of non-inter-level travel turns spent in this place.
 E = Turns spent auto-exploring this place as a percentage of non-inter-level travel turns spent in this place.
 F = Non-inter-level travel turns spent in this place divided by the number of levels of this place that you've seen.
                   A       B       C       D       E      F
               +-------+-------+-------+-------+-------+----------------------
         Total | 100.0 | 100.0 |   0.0 |   0.0 |   0.0 | 105.4
       Dungeon | 100.0 | 100.0 |   0.0 |   0.0 |   0.0 | 105.4
               +-------+-------+-------+-------+-------+----------------------

Table legend:
 A = Kills in this place as a percentage of kills in entire the game.
 B = Kills by you in this place as a percentage of kills by you in the entire game.
 C = Kills by friends in this place as a percentage of kills by friends in the entire game.
 D = Other kills in this place as a percentage of other kills in the entire game.
 E = Experience gained in this place as a percentage of experience gained in the entire game.
 F = Experience gained in this place divided by the number of levels of this place that you have seen.
                   A       B       C       D       E      F
               +-------+-------+-------+-------+-------+----------------------
         Total | 100.0 | 100.0 |   N/A |   N/A | 100.0 |  31.8
       Dungeon | 100.0 | 100.0 |   N/A |   N/A | 100.0 |  31.8
               +-------+-------+-------+-------+-------+----------------------

Vault maps used:
D:1:      scummos_arrival_star
D:2:      nicolae_overflow_crystal_walls, first_ration, uniq_natasha,
          uniq_jessica
D:3:      lemuel_crystal_altar, corexii_leaking_fountain
D:4:      temple_statues, minmay_ruptured, uniq_edmund, uniq_ijyb
D:5:      overflow_temple_1_default, roderic_lattice_a, kennysheep_diamond,
          feat_on_display, uniq_prince_ribbit1, uniq_pikel,
          uniq_crazy_yiuf_cottage
